 Dungeon Crawl Stone Soup version 0.21.1-1-g345015fe64 (webtiles) character file.

108 d0nkey4 the Cudgeler (level 4, 0/37 HPs)
             Began as a Demonspawn Berserker on June 5, 2018.
             Was a Believer of Trog.
             Hit by a tomahawk thrown by a goblin (2 damage)
             ... on level 2 of the Dungeon.
             The game lasted 00:10:45 (1936 turns).

d0nkey4 the Cudgeler (Demonspawn Berserker)         Turns: 1936, Time: 00:10:46

Health: 0/37       AC:  9    Str: 19    XL:     4   Next: 58%
Magic:  4/4        EV:  8    Int:  8    God:    Trog [**....]
Gold:   115        SH:  0    Dex: 12    Spells: 3/3 levels left

rFire    . . .     SeeInvis .   a - +0 mace
rCold    . . .     Gourm    .   (no shield)
rNeg     . . .     Faith    .   e - +0 chain mail
rPois    .         Spirit   .   (no helmet)
rElec    .         Reflect  .   (no cloak)
rCorr    .         Harm     .   (no gloves)
MR       .....                  h - +0 pair of boots
Stlth    ..........             (no amulet)
HPRegen  0.12/turn              (no ring)
MPRegen  0.09/turn              (no ring)

@: slowed, very slow
A: talons 1, spiny 1
a: Berserk, Trog's Hand, Burn Spellbooks, Renounce Religion


You were on level 2 of the Dungeon.
You worshipped Trog.
Trog was pleased with you.
You were not hungry.

You visited 1 branch of the dungeon, and saw 3 of its levels.

You collected 115 gold pieces.

Inventory:

Hand Weapons
 a - a +0 mace (weapon)
Armour
 b - a +0 animal skin
 e - a +0 chain mail (worn)
 h - a +0 pair of boots (worn)
Scrolls
 d - 4 scrolls of identify
 g - 3 scrolls of fog
 k - a scroll of teleportation {unknown}
Potions
 f - a potion of flight {unknown}
 i - a potion of heal wounds {unknown}
 j - a potion of might {unknown}
Comestibles
 c - 3 rations
 l - a chunk of flesh


   Skills:
 + Level 3.7 Fighting
 + Level 4.0 Maces & Flails
 + Level 2.2 Armour
 + Level 2.1 Dodging
 + Level 0.2 Stealth


You had 3 spell levels left.
You didn't know any spells.

Dungeon Overview and Level Annotations

Branches:
Dungeon (3/15)

Altars:


Innate Abilities, Weirdness & Mutations

You have sharp toenails.
You are partially covered in sharp spines.


Message History

* * * LOW HITPOINT WARNING * * *
Natasha claws you.
* * * LOW HITPOINT WARNING * * *
Unknown command.
You hit the iron imp but do no damage.
The iron imp is moderately wounded.
The shadow imp disappears in a puff of smoke!
The iron imp disappears in a puff of smoke!
Natasha casts a spell at you. You resist with some effort.
Natasha stares at you and mumbles some strange words.
You feel yourself slow down. Natasha is struck by your spines.
You kill Natasha!
Trog accepts your kill.
Trog appreciates your killing of a magic user.
Natasha yowls pathetically as she dies!
Your Maces & Flails skill increases to level 4!
The goblin throws a tomahawk.
The tomahawk hits you.
You die...

........<#
#.....# #.#
........## #
###########.#
......... .#
#....#
.....g..##..#
#.####
........'...#
####.#
.......(#
#....#
#######.#
#.####
#.###########.#
#.......g.@...#
###############


You could see a goblin.

Vanquished Creatures
  Natasha (twice) (D:2)
  2 adders (D:2)
  A dart slug (D:1)
  A leopard gecko (D:1)
  2 ball pythons
  5 bats
  3 giant cockroaches
  6 hobgoblins
  A quokka (D:2)
  3 frilled lizards
  4 goblins
  3 kobolds (D:1)
  6 rats
39 creatures vanquished.

Notes
Turn   | Place    | Note
-------+----------+-------------------------------------------
     0 | D:1      | d0nkey4 the Demonspawn Berserker began the quest for the Orb.
     0 | D:1      | Reached XP level 1. HP: 18/18 MP: 1/1
   283 | D:1      | Reached skill level 3 in Maces & Flails
   286 | D:1      | Gained mutation: You have sharp toenails. [demonic ancestry]
   286 | D:1      | Reached XP level 2. HP: 24/24 MP: 2/2
  1005 | D:2      | Gained mutation: You are partially covered in sharp spines. [demonic ancestry]
  1005 | D:2      | Reached XP level 3. HP: 29/29 MP: 3/3
  1511 | D:2      | Reached ** piety under Trog
  1549 | D:2      | Noticed Natasha
  1559 | D:2      | Killed Natasha
  1559 | D:2      | Reached XP level 4. HP: 24/36 MP: 4/4
  1907 | D:2      | Noticed Natasha
  1928 | D:2      | HP: 1/36 [Natasha (4)]
  1935 | D:2      | Killed Natasha
  1935 | D:2      | Reached skill level 4 in Maces & Flails
  1936 | D:2      | Hit by a tomahawk thrown by a goblin

Skill      XL: |  1  2  3  4 |
---------------+-------------+-----
Maces & Flails | 3 4 |  4.0
Dodging        | 2 |  2.1
Armour         | 2 |  2.2
Fighting       | |  3.7
Stealth        | |  0.2

Action                   |  1- 3 |  4- 6 || total
-------------------------+-------+-------++-------
Melee: Mace              |    96 |    17 ||   113
       Kick              |     4 |       ||     4
  Use: Scroll            |     2 |       ||     2
  Eat: Chunk             |     2 |     1 ||     3
Armor: Animal skin       |    15 |       ||    15
       Chain mail        |    50 |    14 ||    64
Dodge: Dodged            |    54 |    12 ||    66
